 Dungeon Crawl Stone Soup version 0.27.1-3-gb3d3a73c9e (webtiles) character file.

Game seed: 17398724958209491749

172023 Urokeeper the Bludgeoner (level 17, -3/160 HPs)
             Began as a Minotaur Berserker on Oct 28, 2021.
             Was an Elder of Trog.
             Constricted to death by a nagaraja (5 damage)
             ... on level 4 of the Snake Pit.
             The game lasted 01:50:20 (37782 turns).

Urokeeper the Bludgeoner (Minotaur Berserker)      Turns: 37782, Time: 01:50:21

Health: -3/160     AC: 27    Str: 33    XL:     17   Next: 40%
Magic:  16/16      EV: 18    Int:  4    God:    Trog [****..]
Gold:   2717       SH:  0    Dex: 16    Spells: 16/16 levels left

rFire    . . .     SeeInvis .   U - +4 great mace "Qymirawk" {vorpal, rPois Dex+5 Stlth+}
rCold    . . .     Faith    +   (shield currently unavailable)
rNeg     . . .     Spirit   .   T - +6 chain mail of Instinct {rElec Stlth+}
rPois    +         Reflect  .   u - +2 hat
rElec    +         Harm     .   (no cloak)
rCorr    .         Rampage  .   E - +1 pair of gloves
Will     ++++.                  N - +1 pair of boots
Stlth    ..........             O - amulet of faith
HPRegen  1.36/turn              c - +4 ring of evasion
MPRegen  0.15/turn              z - ring "Caemul" {rElec Will+ Str+5 Slay+4}

@: mighty, strong-willed, regenerating, constricted
A: horns 2, retaliatory headbutt
a: Renounce Religion, Berserk, Trog's Hand, Brothers in Arms


You were on level 4 of the Snake Pit.
You worshipped Trog.
Trog was greatly pleased with you.
You visited 5 branches of the dungeon, and saw 30 of its levels.
You visited the Abyss 1 time.

You collected 2717 gold pieces.

Inventory:

Hand Weapons
 U - the +4 great mace "Qymirawk" (weapon) {vorpal, rPois Dex+5 Stlth+}
   (You found it on level 13 of the Dungeon)

   It inflicts extra damage upon your enemies.
   Dex:       It affects your dexterity (+5).
   rPois:     It protects you from poison.
   Stlth:     It makes you more stealthy.
 Z - a +6 executioner's axe of flaming
Missiles
 h - 8 throwing nets (quivered)
 o - 12 curare-tipped darts
Armour
 u - a +2 hat (worn)
 E - a +1 pair of gloves (worn)
 N - a +1 pair of boots (worn)
 T - the +6 chain mail of Instinct (worn) {rElec Stlth+}
   (You found it on level 3 of the Lair of Beasts)

   rElec:     It insulates you from electricity.
   Stlth:     It makes you more stealthy.
Jewellery
 c - a +4 ring of evasion (left hand)
 d - a ring of fire
 f - a ring of protection from fire
 k - a ring of willpower
 t - a +6 ring of intelligence
 w - a +6 ring of strength
 x - an amulet of guardian spirit
 z - the ring "Caemul" (right hand) {rElec Will+ Str+5 Slay+4}
   (You found it on level 8 of the Dungeon)

   [ring of slaying]

   Str:       It affects your strength (+5).
   Slay:      It affects your accuracy & damage with ranged weapons and melee
   (+4).
   rElec:     It insulates you from electricity.
   Will:      It increases your willpower.
 I - an amulet of reflection
 O - an amulet of faith (around neck)
 W - a ring of poison resistance
 Y - a ring of protection from cold
Wands
 a - a wand of flame (62)
 n - a wand of digging (4)
 v - a wand of iceblast (27)
 C - a wand of acid (13)
 P - a wand of paralysis (9)
 Q - a wand of mindburst (12)
 V - a wand of polymorph (26)
Scrolls
 j - 5 scrolls of immolation
 l - 10 scrolls of identify
 p - 6 scrolls of teleportation
 r - 3 scrolls of vulnerability
 s - 7 scrolls of enchant weapon
 y - 5 scrolls of magic mapping
 D - a scroll of fog
 F - 2 scrolls of fear
 G - 3 scrolls of enchant armour
 K - 2 scrolls of brand weapon
 R - 2 scrolls of torment {unknown}
Potions
 e - 9 potions of curing
 i - 2 potions of ambrosia
 m - 4 potions of lignification
 q - 2 potions of berserk rage
 A - 2 potions of mutation
 H - 3 potions of cancellation
 L - 2 potions of flight
 X - 3 potions of attraction
Miscellaneous
 M - a lightning rod (4/4)


   Skills:
 + Level 16.7 Fighting
 - Level 15.6(18.7) Axes
 * Level 17.6(19.6) Maces & Flails
 + Level 16.5 Armour
 + Level 15.4 Dodging


You had 16 spell levels left.
You didn't know any spells.
Your spell library was empty.

Dungeon Overview and Level Annotations

Branches:
Dungeon (15/15)            Temple (0/1) D:6            Lair (6/6) D:8
 Shoals (3/4) Lair:4        Snake (4/4) Lair:2        Slime (0/5) Lair:5
    Orc (2/2) D:11            Elf (0/3) Orc:2        Vaults (0/5) D:13
 Depths (0/5) D:15

Altars:
Cheibriados
Dithmenos
Elyvilon
Fedhas
Hepliaklqana
Yredelemnul
Beogh
Jiyva

Shops:
D:8 *   D:10 !   D:11 *   Orc:1 :   Orc:2 :*[(   Snake:1 :=:

Portals:
Trove: D:14 (give 16 potions of curing)

Annotations:
D:10 2 transporters, exclusions: ice statue and obsidian statue, Rickety's ghost, novice SpHu
Lair:5 Josephine
Shoals:1 3 runed translucent doors, SquidGame's ghost, adept TeBe


Innate Abilities, Weirdness & Mutations

You have a pair of horns on your head.
You reflexively headbutt those who attack you in melee.


Message History

The nagaraja constricts you.
The naga sharpshooter unwields a +1 vorpal battleaxe.
The naga sharpshooter wields a +0 arbalest.
The naga sharpshooter gestures wildly while chanting.
The naga sharpshooter magically shoots a bolt.
The bolt hits you.
The nagaraja hits you but does no damage.
The nagaraja constricts you.
Unknown command.
Your +6 executioner's axe of flaming stops flaming.
You feel agile.
U - the +4 great mace "Qymirawk" (weapon)
{vorpal, rPois Dex+5 Stlth+} You feel sick.
You sock the nagaraja!
The nagaraja is severely wounded.
The nagaraja hits you with a +0 whip! The nagaraja constricts you.
The naga sharpshooter mumbles some strange words.
The naga sharpshooter magically shoots a bolt.
The bolt hits you!
* * * LOW HITPOINT WARNING * * *
The naga warrior spits poison at you. The splash of poison misses you.
You feel better. The nagaraja hits you with a +0 whip!!
* * * LOW HITPOINT WARNING * * *
The nagaraja constricts you. The nagaraja hits you with a +0 whip.
* * * LOW HITPOINT WARNING * * *
The nagaraja constricts you.
* * * LOW HITPOINT WARNING * * *
You feel much better. The nagaraja closely misses you.
The nagaraja constricts you.
* * * LOW HITPOINT WARNING * * *
You feel very mighty all of a sudden. The nagaraja hits you with a +0 whip!!
* * * LOW HITPOINT WARNING * * *
The nagaraja constricts you.
The nagaraja gestures at you while chanting.
The bolt of poison hits you. You resist.
* * * LOW HITPOINT WARNING * * *
The nagaraja constricts you.
You die...

..........# .# #.....
..........## ##.# #.....
..#'##.....####..# #.^...
.##..'#..........# #.....
.#....#.....N....# #.....
.#....#..##......# #.....
.##...#..#.......## ##.....
.#....#........NN.#########...#''
.##...#.........@............##..
..#...#......................'...
..#+###......................#.##
.............................###.
...........)..........#####......
.....#......###......## ###....
...####....## ####..## #....
....###...## #..## ##).#
##.......## ##...## #..#


You could see a naga warrior, a nagaraja (fast, strong) and a naga sharpshooter
(strong).

Vanquished Creatures
  Vashnia (Snake:3)
  Nikola (Snake:3)
  Jorgrun (Orc:2)
  Rupert (Lair:5)
  A tentacled starspawn (Abyss:1)
  The ghost of y3s the Severer, a journeyman MiBe of Trog (Lair:5)
  3 very ugly things (Abyss:1)
  A juggernaut skeleton (D:15)
  The ghost of Deed the Peltast, a journeyman MiFi of Wu Jian (Lair:3)
  Snorg (Orc:1)
  A merfolk javelineer (Shoals:1)
  2 merfolk impalers (Shoals:2)
  3 vault guards (D:13)
  3 boulder beetles
  Harold (Lair:1)
  Erolcha (D:10)
  Fannar (Lair:1)
  A salamander tyrant (Snake:2)
  6 naga warriors
  9 hydras
  An ogre mage (D:15)
  A catoblepas (D:14)
  7 anacondas
  7 centaur warriors
  3 merfolk avatars
  5 two-headed ogres
  A vampire mage (D:15)
  12 naga sharpshooters
  2 shock serpents
  Sonja (Lair:1)
  Urug (Lair:1)
  5 skeletal warriors
  3 sea snakes
  A shadow wraith (Abyss:1)
  A salamander mystic (Snake:3)
  2 lindwurms
  2 naga ritualists
  A necromancer (D:15)
  4 orc knights
  2 deep elf pyromancers
  3 orc sorcerers
  9 harpies
  6 fauns
  11 mana vipers
  An ugly thing (D:13)
  4 cyclopes
  10 salamanders
  15 manticores
  A frost giant skeleton (D:15)
  4 merfolk sirens
  A rust devil (Abyss:1)
  28 black mambas
  8 naga magi
  9 elephants (Lair:4)
  2 guardian serpents
  A guardian serpent (shapeshifter) (D:15)
  3 water nymphs
  A gargoyle (D:12)
  8 cane toads
  A spriggan zombie (D:15)
  A torpor snail (Lair:6)
  Maggie (D:6)
  A spriggan skeleton (D:15)
  A kobold demonologist (D:13)
  2 rime drakes
  A freezing wraith (D:12)
  An efreet (D:14)
  8 komodo dragons
  16 merfolk
  3 wind drakes
  4 hornets (Lair:6)
  8 polar bears
  3 meliai (D:14)
  2 trolls
  7 snapping turtles
  20 dream sheep
  14 spriggans (Lair:6)
  A spriggan (shapeshifter) (D:15)
  4 wyverns
  9 wraiths
  3 shadows
  3 water elementals
  62 yaks
  2 large abominations (Abyss:1)
  2 small abominations (Abyss:1)
  Eustachio (D:6)
  8 humans (D:13)
  5 basilisks
  5 vampire mosquitoes
  44 nagas
  4 wargs
  Duvessa (D:4)
  An acid dragon (D:9)
  13 water moccasins
  An ice beast (D:8)
  A sky beast (D:6)
  35 orc warriors
  A hornet zombie (D:9)
  12 black bears
  10 ogres
  A necrophage (D:8)
  33 centaurs
  3 boggarts (Lair:6)
  26 wolves
  A phantom (D:6)
  2 kobold brigands
  6 bullfrogs
  A gnoll sergeant (D:10)
  A wyvern zombie (D:9)
  4 scorpions
  Dowan (D:4)
  2 wyvern skeletons
  12 killer bees
  5 wights (D:7)
  5 electric eels
  A lava snake (D:13)
  2 centaur zombies (D:9)
  A bullfrog zombie (D:7)
  3 jellies
  2 hounds
  10 orc priests
  An iron imp (D:3)
  A bullfrog skeleton (D:7)
  2 centaur skeletons
  6 iguanas
  18 orc wizards
  A hound skeleton (D:5)
  2 howler monkey zombies
  8 gnolls
  9 adders
  A shadow imp (D:7)
  A white imp (D:7)
  2 ufetubi
  An adder skeleton (D:5)
  2 dart slugs
  68 orcs
  4 bats
  10 endoplasms
  3 giant cockroaches
  8 hobgoblins
  2 jackals (D:2)
  19 kobolds
  4 quokkas
  6 ball pythons
  3 frilled lizards
  12 goblins
  4 rats
  A spectral kobold (D:3)
  A starspawn tentacle (Abyss:1)
871 creatures vanquished.

Vanquished Creatures (collateral kills)
  2 naga sharpshooters (Snake:3)
  A naga ritualist (Snake:3)
  An ugly thing (D:12)
  A salamander (Snake:3)
  A black mamba (Snake:3)
  A naga mage (Snake:3)
  A naga (Snake:3)
  An orc priest (D:12)
9 creatures vanquished.

Vanquished Creatures (others)
  A mana viper (Snake:3)
  A black mamba (Snake:3)
  A human (D:13)
  A naga (Snake:3)
  32 fungi
  56 plants
  13 starspawn tentacles (Abyss:1)
  8 withered plants (D:15)
113 creatures vanquished.

Grand Total: 993 creatures vanquished

Notes
Turn   | Place    | Note
-------+----------+-------------------------------------------
     0 | D:1      | Urokeeper the Minotaur Berserker began the quest for the
                  | Orb.
     0 | D:1      | Reached XP level 1. HP: 19/19 MP: 0/0
   487 | D:1      | Found a faded altar of an unknown god.
   497 | D:1      | Reached XP level 2. HP: 15/27 MP: 1/1
  1114 | D:2      | Noticed a black bear
  1121 | D:2      | Killed a black bear
  1122 | D:2      | Reached skill level 5 in Axes
  1122 | D:2      | Reached XP level 3. HP: 34/34 MP: 2/2
  1122 | D:2      | Reached XP level 4. HP: 41/41 MP: 3/3
  1538 | D:2      | Reached XP level 5. HP: 47/47 MP: 4/4
  1591 | D:2      | Reached ** piety under Trog
  2164 | D:3      | Found a hazy altar of Hepliaklqana.
  2225 | D:3      | Found a snail-covered altar of Cheibriados.
  2620 | D:4      | Reached *** piety under Trog
  2621 | D:4      | Reached XP level 6. HP: 30/53 MP: 5/5
  2971 | D:4      | Noticed Dowan
  3002 | D:4      | Noticed Duvessa
  3002 | D:4      | You fall into a shaft and drop 2 floors!
  3002 | D:6      | Noticed a wraith
  3008 | D:6      | Reached skill level 5 in Fighting
  3022 | D:6      | Killed a wraith
  3023 | D:6      | Reached XP level 7. HP: 54/61 MP: 6/6
  3026 | D:6      | Reached skill level 5 in Armour
  3186 | D:6      | Noticed Maggie
  3314 | D:7      | Reached skill level 5 in Dodging
  3328 | D:7      | Reached XP level 8. HP: 54/69 MP: 7/7
  3720 | D:6      | Noticed Eustachio
  3746 | D:6      | Killed Eustachio
  3770 | D:6      | Killed Maggie
  3848 | D:6      | Found a shadowy altar of Dithmenos.
  4041 | D:6      | Found a staircase to the Ecumenical Temple.
  4259 | D:6      | Found a basalt altar of Yredelemnul.
  4347 | D:5      | Entered Level 5 of the Dungeon
  4352 | D:5      | Reached XP level 9. HP: 75/79 MP: 8/8
  4644 | D:5      | Reached skill level 10 in Axes
  4646 | D:5      | Reached **** piety under Trog
  5306 | D:4      | Killed Duvessa
  5311 | D:4      | Killed Dowan
  5610 | D:4      | Found a white marble altar of Elyvilon.
  6094 | D:7      | Noticed a boulder beetle
  6132 | D:8      | Identified the +3 dagger "Sawkein" {flame, rElec rC+ Dex+3}
  6187 | D:8      | Found a blossoming altar of Fedhas.
  6231 | D:8      | Found Iskoutwo's Gadget Gallery.
  6723 | D:8      | Identified the ring "Caemul" {rElec Will+ Str+5 Slay+4}
  6844 | D:8      | Identified the +1 scale mail of the Gate {rElec Will+ Int+3
                  | Slay-3}
  6851 | D:8      | Reached XP level 10. HP: 90/90 MP: 9/9
  6928 | D:8      | Found a staircase to the Lair.
  7366 | D:9      | Noticed a deep elf pyromancer
  7380 | D:9      | Killed a deep elf pyromancer
  7603 | D:10     | Entered Level 10 of the Dungeon
  7874 | D:9      | Reached ***** piety under Trog
  8453 | D:10     | Noticed Erolcha
  8473 | D:10     | Killed Erolcha
  8716 | D:10     | Found a transporter.
  8723 | D:10     | Noticed Rickety's ghost (novice SpHu)
  8858 | D:10     | Noticed an obsidian statue
  8858 | D:10     | Noticed an ice statue
  8946 | D:10     | Found a transporter.
  8962 | D:10     | Found Vererex's Distillery.
  9405 | D:11     | Reached XP level 11. HP: 99/99 MP: 10/10
  9413 | D:11     | Found Yrox Hiss's General Store.
  9469 | D:11     | Noticed a two-headed ogre
  9480 | D:11     | Killed a two-headed ogre
  9558 | D:11     | Noticed a five-headed hydra
  9563 | D:11     | Killed a five-headed hydra
  9564 | D:11     | Reached skill level 10 in Fighting
 10000 | D:11     | Reached skill level 10 in Armour
 10087 | D:11     | Found a staircase to the Orcish Mines.
 10694 | D:12     | Identified the +0 leather armour of Amorality {Fly}
 11063 | D:12     | Noticed a deep elf pyromancer
 11074 | D:12     | Killed a deep elf pyromancer
 11094 | D:12     | Noticed a two-headed ogre
 11108 | D:12     | Killed a two-headed ogre
 11390 | D:12     | Noticed a skeletal warrior
 11413 | D:12     | Killed a skeletal warrior
 11633 | D:12     | Noticed a skeletal warrior
 11654 | D:12     | Killed a skeletal warrior
 11714 | D:12     | Noticed a skeletal warrior
 11726 | D:12     | Killed a skeletal warrior
 11805 | D:12     | Noticed a cyan ugly thing
 11814 | D:12     | Killed a cyan ugly thing
 12299 | D:13     | Noticed a purple ugly thing
 12304 | D:13     | Killed a purple ugly thing
 12305 | D:13     | Reached skill level 10 in Dodging
 12305 | D:13     | Reached XP level 12. HP: 110/110 MP: 11/11
 12391 | D:13     | Noticed a centaur warrior
 12406 | D:13     | Killed a centaur warrior
 12449 | D:13     | Noticed a five-headed hydra
 12465 | D:13     | Killed a five-headed hydra
 12486 | D:13     | Reached skill level 15 in Axes
 12648 | D:13     | Noticed a two-headed ogre
 12661 | D:13     | Killed a two-headed ogre
 12890 | D:13     | Noticed a vault guard
 12890 | D:13     | Noticed a vault guard
 12902 | D:13     | Noticed a vault guard
 12908 | D:13     | Killed a vault guard
 12914 | D:13     | Killed a vault guard
 12925 | D:13     | Killed a vault guard
 13245 | D:13     | Found a gate to the Vaults.
 13250 | D:13     | Identified the +4 great mace "Qymirawk" {vorpal, rPois
                  | Dex+5 Stlth+}
 13375 | D:13     | Reached skill level 1 in Maces & Flails
 13406 | D:13     | Noticed a centaur warrior
 13417 | D:13     | Killed a centaur warrior
 13418 | D:13     | Reached skill level 2 in Maces & Flails
 13760 | D:14     | Noticed a centaur warrior
 13764 | D:14     | Killed a centaur warrior
 13765 | D:14     | Reached skill level 3 in Maces & Flails
 13776 | D:14     | Found a portal to a secret trove of treasure.
 13836 | D:14     | Noticed a boulder beetle
 13872 | D:14     | Killed a boulder beetle
 14076 | D:14     | Noticed a boulder beetle
 14090 | D:14     | Killed a boulder beetle
 14091 | D:14     | Reached skill level 4 in Maces & Flails
 14102 | D:14     | Reached XP level 13. HP: 77/118 MP: 12/12
 14220 | D:14     | Identified the +6 great mace of the Inferno {vorpal, rPois}
                  | (Trog gifted it to you on level 14 of the Dungeon)
 14220 | D:14     | Received a gift from Trog
 14397 | D:14     | Reached skill level 5 in Maces & Flails
 14681 | D:14     | Reached skill level 6 in Maces & Flails
 15056 | D:15     | Entered Level 15 of the Dungeon
 15517 | D:15     | Reached skill level 7 in Maces & Flails
 16107 | D:15     | Reached skill level 8 in Maces & Flails
 16296 | D:15     | Found a staircase to the Depths.
 16534 | D:15     | Paralysed by something for 2 turns
 17071 | Lair:1   | Entered Level 1 of the Lair of Beasts
 17146 | Lair:1   | Noticed Fannar
 17155 | Lair:1   | Killed Fannar
 17156 | Lair:1   | Reached skill level 9 in Maces & Flails
 17392 | Lair:1   | Noticed Urug
 17394 | Lair:1   | Noticed Sonja
 17403 | Lair:1   | Killed Urug
 17404 | Lair:1   | Cast into level 1 of the Abyss (Sonja)
 17621 | Abyss:1  | Noticed a tentacled starspawn
 17622 | Abyss:1  | Noticed a cyan very ugly thing
 17623 | Abyss:1  | Noticed a cyan very ugly thing
 17627 | Abyss:1  | Noticed a green very ugly thing
 17636 | Abyss:1  | Killed a cyan very ugly thing
 17687 | Abyss:1  | Killed a green very ugly thing
 17688 | Abyss:1  | Reached XP level 14. HP: 74/129 MP: 13/13
 17691 | Abyss:1  | Killed a green very ugly thing
 17695 | Abyss:1  | Killed a tentacled starspawn
 17696 | Abyss:1  | Reached skill level 10 in Maces & Flails
 17701 | Lair:1   | Escaped the Abyss
 17704 | Lair:1   | Killed Sonja
 18027 | Lair:1   | Received a gift from Trog
 18106 | Lair:1   | Noticed Harold
 18117 | Lair:1   | Killed Harold
 18870 | Lair:2   | Identified the +1 robe of Hospitality {-Cast rPois Dex+3}
 18909 | Lair:2   | Found a staircase to the Snake Pit.
 19846 | Lair:3   | Reached skill level 11 in Maces & Flails
 20009 | Lair:3   | Found a runed translucent gate.
 20010 | Lair:3   | Found a runed translucent gate.
 20010 | Lair:3   | Noticed Deed's ghost (journeyman MiFi)
 20011 | Lair:3   | Found a runed translucent gate.
 20455 | Lair:3   | Identified the +6 chain mail of Instinct {rElec Stlth+}
 20544 | Lair:4   | Found a staircase to the Shoals.
 20764 | Lair:4   | You fall into a shaft and drop 2 floors!
 20764 | Lair:6   | Entered Level 6 of the Lair of Beasts
 20785 | Lair:6   | Received a gift from Trog
 21013 | Lair:6   | Reached skill level 12 in Maces & Flails
 21221 | Lair:6   | Received a gift from Trog
 21773 | Lair:6   | Reached XP level 15. HP: 103/139 MP: 14/14
 22510 | Lair:5   | Noticed Rupert
 22577 | Lair:5   | Killed Rupert
 22578 | Lair:5   | Reached skill level 13 in Maces & Flails
 23002 | Lair:5   | Noticed Josephine
 23059 | Lair:5   | Found a viscous altar of Jiyva.
 23060 | Lair:5   | Found a staircase to the Slime Pits.
 23077 | Lair:5   | Found a large runed translucent door.
 23077 | Lair:5   | Found a large runed translucent door.
 23089 | Lair:5   | Noticed y3s's ghost (journeyman MiBe)
 23106 | Lair:5   | Killed y3s's ghost
 24422 | Lair:3   | Killed Deed's ghost
 24426 | Lair:3   | Identified the +6 long sword "Niborit" {vorpal, Drain rElec
                  | rCorr MP+9}
 24687 | Orc:1    | Entered Level 1 of the Orcish Mines
 24768 | Orc:1    | Reached ****** piety under Trog
 24920 | Orc:1    | Received a gift from Trog
 25116 | Orc:1    | Noticed Snorg
 25123 | Orc:1    | Killed Snorg
 25124 | Orc:1    | Reached skill level 15 in Fighting
 25124 | Orc:1    | Reached skill level 14 in Maces & Flails
 25163 | Orc:1    | Found Mochom's Book Shoppe.
 25304 | Orc:2    | Entered Level 2 of the Orcish Mines
 26231 | Orc:2    | Received a gift from Trog
 26631 | Orc:2    | Noticed Jorgrun
 26644 | Orc:2    | Killed Jorgrun
 26645 | Orc:2    | Reached skill level 15 in Armour
 27345 | Orc:2    | Found a staircase to the Elven Halls.
 27478 | Orc:2    | Found Tufoak's Assorted Antiques.
 27478 | Orc:2    | Found Gixorghu's Antique Armour Emporium.
 27480 | Orc:2    | Found Onke's Antique Weapon Shoppe.
 27482 | Orc:2    | Found Ywoah's Book Shop.
 27683 | Snake:1  | Entered Level 1 of the Snake Pit
 28669 | Snake:1  | Received a gift from Trog
 28771 | Snake:1  | Found Vullil's Book Boutique.
 28772 | Snake:1  | Found Hyubung's Jewellery Emporium.
 28773 | Snake:1  | Found Niduntum's Book Boutique.
 28975 | Snake:2  | Reached XP level 16. HP: 149/149 MP: 15/15
 28984 | Snake:2  | Reached skill level 15 in Maces & Flails
 31047 | Snake:3  | Noticed Nikola
 31096 | Snake:3  | Received a gift from Trog
 31437 | Snake:3  | Killed Nikola
 31885 | Snake:3  | Reached skill level 16 in Maces & Flails
 31916 | Snake:3  | Noticed Vashnia
 32327 | Snake:3  | Killed Vashnia
 33504 | Shoals:1 | Entered Level 1 of the Shoals
 33510 | Shoals:1 | Noticed SquidGame's ghost (adept TeBe)
 33512 | Shoals:1 | Found a runed translucent gate.
 33513 | Shoals:1 | Found a runed translucent gate.
 33513 | Shoals:1 | Found the +2 shield of Resistance {rF++ rC++ Will++}
 33517 | Shoals:1 | Found a runed translucent gate.
 33631 | Shoals:1 | Reached skill level 15 in Dodging
 33699 | Shoals:1 | Received a gift from Trog
 34057 | Shoals:1 | Identified the +1 war axe "Syodur" {antimagic, Will+ Dex+4}
 34074 | Shoals:1 | HP: 2/151 [merfolk javelineer/silver javelin (8)]
 34725 | Shoals:1 | Reached XP level 17. HP: 111/159 MP: 16/16
 35573 | Shoals:2 | Reached skill level 17 in Maces & Flails
 37182 | Shoals:3 | Identified the +6 short sword of Law {vorpal, rC+ Str+4
                  | Int+4}
 37448 | Snake:4  | Entered Level 4 of the Snake Pit
 37782 | Snake:4  | HP: 5/160 [nagaraja (32)]
 37782 | Snake:4  | HP: 2/160 [nagaraja/bolt of poison (3)]
 37782 | Snake:4  | Constricted to death by a nagaraja

Illustrated notes

Levels and vault maps discovered:
D:1:      evilmike_arrival_fibonacci_small, layout_basic,
          hellmonk_ecumenical_altar_run_dry, amcnicky_mini_pool_small,
          st_stairs_6
D:2:      layout_basic, serial_bayou_lake_a
D:3:      cheibrodos_greedy_goblins, layout_rooms, slow_altar_1,
          nicolae_hepliaklqana_monster_ancestors
D:4:      layout_loops_ring, elyvilon_altar_3, uniq_duvessa
D:5:      layout_basic
D:6:      layout_rooms, nicolae_overflow_crystal_walls,
          lemuel_coloured_pillars_altar, minmay_temple_entry_gardened_gates,
          hangedman_decor_growths, uniq_eustachio, uniq_maggie
D:7:      layout_basic, amcnicky_altar_gilded, serial_aquarium,
          aquarium_bridge_island_small [aquarium_subvault_small_water,
          aquarium_subvault_balcony, aquarium_subvault_window,
          aquarium_subvault_window, aquarium_subvault_bridge],
          aquarium_bridge_long_separate [aquarium_subvault_bridge,
          aquarium_subvault_bridge, aquarium_subvault_window,
          aquarium_subvault_wall, aquarium_subvault_window,
          aquarium_subvault_bridge], aquarium_window_3, aquarium_window_2,
          aquarium_view_2g, aquarium_balcony_3b, grunt_ministairs_15,
          st_stairs_8
D:8:      layout_basic, marbit_many_paths, grunt_lair_entry_orc_guard_hut,
          nicolae_shop_gadgets
D:9:      layout_gridville, serial_bayou, serial_bayou_shore_a,
          serial_bayou_ford_a, serial_bayou_shore_b, serial_bayou_pond_e,
          minmay_misc_feat_four_crosses, minivault_26, hangedman_decor_points,
          kennysheep_generic_room_4
D:10:     layout_cave_pools, gammafunk_ghost_stat_death, serial_shops,
          kennysheep_mini, st_stairs_13, david_greed, uniq_erolcha
D:11:     layout_rooms, minmay_orc_entry_temple_small, serial_shops, shop,
          minivault_27, amcnicky_mini_rare_corridor_liquid
D:12:     layout_loops_ring
D:13:     layout_basic, ximxim_vaults_locker_room, enter_bailey_4
D:14:     layout_long_grid, infiniplex_staircase_zigzag_3, enter_trove_0
D:15:     gammafunk_depths_entry_grave, layout_loops_cross, serial_bayou,
          serial_bayou_shore_b, serial_bayou_pond_e, serial_bayou_pond_a,
          serial_bayou_lagoon_a
Lair:1:   layout_loops_ring, beast_lair_carwin_6, lemuel_fruit_fields,
          uniq_urug, uniq_fannar, uniq_harold, uniq_sonja
Lair:2:   layout_hall_layers, guppyfry_snake_entry_garden, lemuel_fruit_tree,
          serial_bayou_shore_b, grunt_megastairs_4
Lair:3:   layout_roguey, gammafunk_ghost_hydra_chop
Lair:4:   beast_lair_carwin_large_1, layout_small_grid,
          minmay_shoals_entry_beasts, serial_bayou_shore_b
Lair:5:   wander_river, layout_loops_ring, slime_altar_1,
          ebering_ghost_disaster_area, uniq_rupert, uniq_josephine
Lair:6:   minmay_lair_end_enchanted_forest, layout_hall_layers, st_stairs_4
Shoals:1: layout_shoals, gammafunk_ghost_split
Shoals:2: cheibrodos_shoals_roost, layout_shoals
Shoals:3: layout_shoals, serial_shops, nicolae_shop_trees
Snake:1:  layout_grid_shapes, grunt_ministairs_15, st_stairs_2, drop_trap,
          minmay_shop_grove
Snake:2:  layout_cave_shapes
Snake:3:  layout_misc_corridors, st_stairs_3, grunt_megastairs_3, uniq_vashnia,
          uniq_nikola
Snake:4:  grunt_snake_rune_pools, layout_cave_town
Orc:1:    layout_caves, serial_shops, shop, uniq_snorg
Orc:2:    st_orc_rangers, layout_caves, special_room, basic_altar, uniq_jorgrun

Skill      XL: |  1  2  3  4  5  6  7  8  9 10 11 12 13 14 15 16 17 |
---------------+----------------------------------------------------+-----
Axes           | 5 7 8 9 11 12 14 15 | 15.6
Fighting       | 4 5 6 7 8 9 11 12 13 14 15 16 | 16.7
Armour         | 3 4 5 6 8 9 10 11 13 14 15 16 | 16.5
Dodging        | 3 4 5 6 7 8 10 11 12 13 14 15 | 15.4
Maces & Flails | 4 9 12 14 16 17 | 17.6

Action                   |  1- 3 |  4- 6 |  7- 9 | 10-12 | 13-15 | 16-18 || total
-------------------------+-------+-------+-------+-------+-------+-------++-------
Melee: Hand axe          |    35 |   133 |    40 |       |       |       ||   208
       Headbutt          |     3 |    13 |    48 |   103 |   230 |   132 ||   529
       War axe           |       |       |   201 |   248 |       |       ||   449
       Battleaxe         |       |       |       |    88 |       |       ||    88
       Dire flail        |       |       |       |     9 |       |       ||     9
       Great mace        |       |       |       |    41 |   749 |   467 ||  1257
       Executioner's axe |       |       |       |       |    65 |     7 ||    72
Invok: Berserk           |     1 |     1 |     3 |     8 |    11 |     8 ||    32
       Trog's Hand       |       |     1 |     1 |     6 |    10 |     9 ||    27
       Brothers in Arms  |       |       |       |     1 |       |     3 ||     4
  Use: Scroll            |     2 |     2 |     2 |    12 |     6 |     1 ||    25
       Potion            |       |       |     2 |     8 |     6 |     7 ||    23
 Stab: Distracted        |       |       |       |       |       |     1 ||     1
Armor: Animal skin       |    10 |     1 |       |       |       |       ||    11
       Leather armour    |       |     9 |       |       |       |       ||     9
       Chain mail        |       |    20 |    60 |       |   276 |   231 ||   587
       Plate armour      |       |       |     1 |   166 |   138 |       ||   305
Dodge: Dodged            |    15 |    95 |   145 |   252 |   991 |   566 ||  2064
